 Dungeon Crawl Stone Soup version 0.28.0-49-g6dfe1f597d (console) character file.

Game seed: 15214153765949271635

66 Faeu the Skirmisher (level 3, -3/34 HPs)
             Began as a Minotaur Berserker on May 11, 2022.
             Was a Believer of Trog.
             Frozen to death by an endoplasm (4 damage)
             ... on level 4 of the Dungeon.
             The game lasted 00:03:21 (2729 turns).

Faeu the Skirmisher (Minotaur Berserker)            Turns: 2729, Time: 00:03:21

Health: -3/34      AC:  2    Str: 23    XL:     3   Next: 96%
Magic:  2/2        EV: 12    Int:  4    God:    Trog [**....]
Gold:   177        SH:  0    Dex:  9    Spells: 2/2 levels left

rFire   . . .      SeeInvis .   a - +0 hand axe {axe}
rCold   . . .      Faith    .   (no shield)
rNeg    . . .      Spirit   .   b - +0 animal skin
rPois   .          Reflect  .   (helmet restricted)
rElec   .          Harm     .   (no cloak)
rCorr   .          Rampage  .   (no gloves)
Will    .....                   (no boots)
Stlth   +.........              (no amulet)
HPRegen 0.11/turn               (no ring)
MPRegen 0.08/turn               (no ring)

@: no status effects
A: horns 2, retaliatory headbutt
a: Renounce Religion, Berserk, Trog's Hand


You were on level 4 of the Dungeon.
You worshipped Trog.
Trog was pleased with you.
You visited 1 branch of the dungeon, and saw 4 of its levels.

You collected 177 gold pieces.


Innate Abilities, Weirdness & Mutations

You have a pair of horns on your head.
You reflexively headbutt those who attack you in melee.


   Skills:
 + Level 4.3 Fighting
 + Level 4.2 Axes
 + Level 3.3 Armour
 + Level 3.0 Dodging


You had 2 spell levels left.
You didn't know any spells.
Your spell library contained the following spells:

 Spells                   Type           Power      Damage    Failure   Level
 Gell's Gravitas          Tloc           0%         N/A       86%         3
 Lesser Beckoning         Tloc           0%         N/A       86%         3
 Teleport Other           Tloc           0%         N/A       86%         3

Inventory:

Hand Weapons
 a - a +0 hand axe (weapon) {axe}
Armour
 b - a +0 animal skin (worn)
Scrolls
 c - 5 scrolls of teleportation {@r4}
 d - a scroll of summoning {unknown}
 e - a scroll of blinking {unknown}
 h - 2 scrolls of identify {unknown}
 i - a scroll of holy word {unknown}
 j - a scroll of brand weapon {unknown}
 l - a scroll of vulnerability {unknown}
Potions
 f - 3 potions of lignification {unknown}
 g - 2 potions of curing {unknown}
 k - a potion of heal wounds {unknown}

Dungeon Overview and Level Annotations

Branches:
Dungeon (4/15)
 Temple: D:4-7

Altars:

Shops:
D:1 * D:2

! .. #.#.........
#.g.........
+...............
#...............
#.............. .
............# ..
#$.......$.# ...#
####.........#
#....##......).J.#
#.........####@.##
#.......### #)g.#
.....##.g####..##
...# ##.#...#..#
.. #........##
.......K..###
#.###....## #
.....### .....#
..##.. ## ###


You could see a gnoll and an endoplasm.


Message History

😕 HP[+1]
There is an open door here.
Done exploring. 😎 HP[+4] Done exploring.
(D) Dungeon
Where to? (Enter - D:3, ? - help)
There is an open door here.
There is an open door here.
A kobold is nearby!
The kobold shouts!
The kobold closely misses you. You furiously retaliate!
You headbutt the kobold!
You kill the kobold!
Trog accepts your kill.
You can now call upon Trog for regeneration and willpower.
Things that are here:
a +0 whip {mace}; a kobold corpse Done exploring.
(D) Dungeon
Where to? (Enter - D:4, ? - help)
There is a stone staircase leading down here.
You climb downwards.
You hear the hiss of flowing sand.
There is an entrance to an ossuary on this level.
Hurry and find it before the portal is buried!
There is a stone staircase leading up here.
You hit the hound skeleton. The hound skeleton bites you. 😕 HP[-1]
You take 1 damage, and now have 32/33 hp.
You barely miss the hound skeleton. The hound skeleton closely misses you.
You slash the hound skeleton! The hound skeleton barely misses you.
You furiously retaliate!
You headbutt the hound skeleton. The hound skeleton barely misses you.
You furiously retaliate!
You headbutt the hound skeleton!
You destroy the hound skeleton!
Trog accepts your kill.
Your Dodging skill increases to level 3! 😕 HP[+1]
You now have 34 max hp (+1).
As you read the scroll labelled TEYVVI RIEPE, it crumbles to dust.
You feel strangely unstable.
It was a scroll of teleportation.
Unknown command.
HP restored.
Your surroundings suddenly seem different. 😎 HP[+1] 2 gnolls come into view.
A kobold comes into view. It is wielding a +0 club.
The kobold shouts!
You hear a shout! x2
The kobold moves out of view.
The gnoll barely misses you.
An endoplasm comes into view.
The endoplasm quivers.
The gnoll closely misses you.
You hit the gnoll. Your headbutt misses the gnoll. The gnoll misses you.
The gnoll hits you with a +0 spear! 😮 HP[-9]
You take 9 damage, and now have 25/34 hp.
MASSIVE DAMAGE!! (PAUSE)
You hit the gnoll but do no damage.
You headbutt the gnoll, but do no damage.
The gnoll closely misses you.
You hit the gnoll but do no damage. The gnoll closely misses you.
You hit the gnoll but do no damage. You closely miss the gnoll.
The gnoll hits you with a +0 club. The gnoll hits you with a +0 spear.
* * * LOW HITPOINT WARNING * * *
😨 HP[-11]
You take 11 damage, and now have 14/34 hp.
MASSIVE DAMAGE!! (PAUSE)
You barely miss the gnoll. You headbutt the gnoll. You barely miss the gnoll.
You closely miss the kobold. The gnoll closely misses you.
The kobold barely misses you. The gnoll closely misses you.
You hit the gnoll. Your headbutt misses the gnoll.
You hit the endoplasm but do no damage. You closely miss the gnoll.
You completely miss the kobold. The endoplasm freezes you.
You are frozen.
* * * LOW HITPOINT WARNING * * *
The gnoll hits you with a +0 club!
* * * LOW HITPOINT WARNING * * *
The kobold misses you. The gnoll hits you with a +0 spear.
* * * LOW HITPOINT WARNING * * *
😱 HP[-11]
You take 11 damage, and now have 3/34 hp.
MASSIVE DAMAGE!! (PAUSE)
You hit the gnoll.
You kill the gnoll!
Trog accepts your kill.
You barely miss the endoplasm. You hit the gnoll but do no damage.
You hit the kobold.
You kill the kobold!
Trog accepts your kill. The endoplasm hits you.
* * * LOW HITPOINT WARNING * * *
The gnoll closely misses you. You furiously retaliate!
You headbutt the gnoll. The gnoll hits you with a +0 club.
* * * LOW HITPOINT WARNING * * *
The endoplasm freezes you.
You are frozen.
You die...

Skill      XL: |  1  2  3 |
---------------+----------+-----
Fighting       | 4 |  4.3
Axes           | 4 |  4.2
Armour         | 3 |  3.3
Dodging        | 3 |  3.0

Action                   || total
-------------------------++-------
Melee: Hand axe          ||    91
       Headbutt          ||    10
       Punch             ||     1
  Use: Scroll            ||     1
Armor: Animal skin       ||    15
Dodge: Dodged            ||    62

Levels and vault maps discovered:
D:1:      psy_arrival_statuary, layout_rooms, serial_shops,
          nicolae_shop_waterfront, shapermc_ecumenical_altar_hornbeckon,
          minmay_gold_behind_fungi, st_stairs_4
D:2:      layout_loops_ring, serial_shops,
          nicolae_shop_competitors_out_of_business, minmay_misc_feat_doors
D:3:      layout_basic, minmay_misc_feat_x
D:4:      layout_cave_pools, enter_ossuary_2, uniq_duvessa

Notes
Turn   | Place    | Note
-------+----------+-------------------------------------------
     0 | D:1      | Faeu the Minotaur Berserker began the quest for the Orb.
     0 | D:1      | Reached XP level 1. HP: 19/19 MP: 0/0
     0 | D:1      | magus.rc [v1.9.6]
    46 | D:1      | magus.rc [v1.9.6]
   465 | D:1      | Reached XP level 2. HP: 27/27 MP: 1/1
   720 | D:1      | Found Dyckiyqe's Assorted Antiques.
   769 | D:1      | Reached skill level 4 in Fighting
   846 | D:1      | Found a faded altar of an unknown god.
   960 | D:2      | Reached skill level 4 in Axes
   996 | D:2      | Reached skill level 3 in Armour
   996 | D:2      | Reached XP level 3. HP: 22/33 MP: 2/2
  1125 | D:2      | You pick up a book of Displacement {forbidden} and begin
                  | reading...
  1125 | D:2      | You add the spells Lesser Beckoning, Gell's Gravitas and
                  | Teleport Other to your library.
  1644 | D:2      | Found Keumeck's Distillery.
  1651 | D:2      | Reached ** piety under Trog
  2702 | D:4      | Reached skill level 3 in Dodging
  2728 | D:4      | HP: 4/34 [gnoll/+0 club (9)]
  2729 | D:4      | HP: 1/34 [gnoll/+0 club (1)]
  2729 | D:4      | Frozen to death by an endoplasm

Vanquished Creatures
  A hound skeleton (D:4)
  A gnoll (D:4)
  An adder (D:2)
  A dart slug (D:1)
  5 bats
  3 endoplasms (D:2)
  3 giant cockroaches
  3 goblins
  4 hobgoblins
  6 kobolds
  2 quokkas
  6 ball pythons
  4 frilled lizards
  4 rats
44 creatures vanquished.

Vanquished Creatures (others)
  3 fungi (D:1)
  A plant (D:1)
  3 toadstools (D:1)
7 creatures vanquished.

Grand Total: 51 creatures vanquished

Table legend:
 A = Non-vault XP
 B = Vault XP
 C = Vault XP percentage of total XP
 D = Non-vault monster count
 E = Vault monster count
 F = Vault count percentage of total count
                 A         B        C        D         E       F
            +---------+---------+-------+---------+---------+-------
      Total |     109 |       1 |   0.9 |      43 |       1 |   2.3
            +---------+---------+-------+---------+---------+-------
        D:1 |      26 |       1 |   3.7 |      14 |       1 |   6.7
        D:2 |      42 |       0 |   0.0 |      20 |       0 |   0.0
        D:3 |       9 |       0 |   0.0 |       6 |       0 |   0.0
        D:4 |      32 |       0 |   0.0 |       3 |       0 |   0.0
            +---------+---------+-------+---------+---------+-------

Illustrated notes

Table legend:
 A = Kills in this place as a percentage of kills in entire the game.
 B = Kills by you in this place as a percentage of kills by you in the entire game.
 C = Kills by friends in this place as a percentage of kills by friends in the entire game.
 D = Other kills in this place as a percentage of other kills in the entire game.
 E = Experience gained in this place as a percentage of experience gained in the entire game.
 F = Experience gained in this place divided by the number of levels of this place that you have seen.
                   A       B       C       D       E      F
               +-------+-------+-------+-------+-------+----------------------
         Total | 100.0 | 100.0 |   N/A |   N/A | 100.0 |  27.5
       Dungeon | 100.0 | 100.0 |   N/A |   N/A | 100.0 |  27.5
               +-------+-------+-------+-------+-------+----------------------

Table legend: (Time is in decaauts)
 A = Elapsed time spent in this place.
 B = Non-inter-level travel time spent in this place.
 C = Inter-level travel time spent in this place.
 D = Time resting spent in this place.
 E = Time spent auto-exploring this place.
 F = Levels seen in this place.
 G = Mean time per level.
                   A        B        C        D        E       F      G
               +--------+--------+--------+--------+--------+-----+--------+
         Total |   2742 |   2678 |     64 |      0 |   2290 |   4 |  685.5 |
       Dungeon |   2742 |   2678 |     64 |      0 |   2290 |   4 |  685.5 |
               +--------+--------+--------+--------+--------+-----+--------+

Top non-repeatable levels by time:
     D:2: 1017 daAuts
     D:1: 927 daAuts
     D:3: 766 daAuts
     D:4: 31 daAuts
